 Dungeon Crawl Stone Soup version 0.16.0-17-g811c1d7 (webtiles) character file.

588 RobertPalmer the Caller (level 7, 0/41 HPs)
             Began as an Octopode Summoner on Mar 20, 2015.
             Was an Initiate of Makhleb.
             Slain by a worker ant (7 damage)
             ... on level 5 of the Dungeon.
             The game lasted 00:12:04 (5082 turns).

RobertPalmer the Caller (Octopode Summoner)         Turns: 5082, Time: 00:12:05

Health: 0/41       AC:  1    Str:  7    XL:     7   Next: 38%
Magic:  8/12       EV: 12    Int: 18    God:    Makhleb [......]
Gold:   165        SH:  0    Dex: 14    Spells: 3 memorised, 1 level left

rFire  . . .     SeeInvis +     a - +2 whip (elec)
rCold  . . .     Clarity  .     (no shield)
rNeg   . . .     SustAb   .     (helmet restricted)
rPois  .         Gourm    .     (no amulet)
rElec  .         Spirit   .     m - ring of see invisible {sInv, !d}
rCorr  .         Warding  .     (no ring)
rMut   .         Stasis   .     (no ring)
MR     .....                    (no ring)
Stlth  +++.......               (no ring)
                                (no ring)
                                (no ring)
                                (no ring)

@: not resistant to hostile enchantments, fairly stealthy
A: almost no armour, amphibious, 8 rings, constrict 8, camouflage 1, gelatinous
body 1
a: Renounce Religion


You were on level 5 of the Dungeon.
You worshipped Makhleb.
Makhleb was noncommittal.
You were very hungry.

You visited 2 branches of the dungeon, and saw 6 of its levels.

You collected 165 gold pieces.

Inventory:

Hand weapons
 a - a +2 whip of electrocution (weapon)
   (You found it on level 2 of the Dungeon)
Jewellery
 m - a ring of see invisible (left tentacle) {sInv, !d}
   (You found it on level 2 of the Dungeon)
Magical devices
 s - a wand of flame (29)
   (You took it off Robin on level 3 of the Dungeon)
Scrolls
 g - a scroll of blinking {!r}
 k - a scroll of magic mapping {!r}
 r - a scroll of teleportation
Potions
 d - a potion of agility
 e - 2 potions of lignification {!q}
 h - a potion of haste {unknown}
 l - a potion of heal wounds
 o - a potion of cure mutation {unknown}
Books
 b - a book of Callings
 u - a book of Death
   (You found it on level 4 of the Dungeon)
Comestibles
 c - 4 bread rations {@e1}
 i - 2 slices of pizza
 j - a royal jelly
 p - 3 meat rations {@e2}


   Skills:
 - Level 3.5 Maces & Flails
 - Level 2.0 Dodging
 - Level 2.6 Stealth
 - Level 2.0 Spellcasting
 + Level 7.8 Summonings


You had one spell level left.
You knew the following spells:

 Your Spells              Type           Power        Failure   Level  Hunger
a - Call Canine Familiar  Summ           ####....     2%          3    ###....
b - Call Imp              Summ           ####....     1%          2    ###....
c - Summon Ice Beast      Ice/Summ       ###.....     41%         4    #####..


Dungeon Overview and Level Annotations

Branches:
Dungeon (5/15)             Temple (1/1) D:4

Altars:
Dithmenos
Elyvilon
Fedhas
Gozag
Kikubaaqudgha
Makhleb
Okawaru
Vehumet
Xom
Yredelemnul
Zin
The Shining One

Annotations:
D:2 exclusion: Sigmund, Sigmund


Innate Abilities, Weirdness & Mutations

You cannot wear most types of armour.
You are amphibious.
You can wear up to eight rings at the same time.
You can use your tentacles to constrict many enemies at once.
Your skin changes colour to match your surroundings (Stealth).
Your rubbery body absorbs attacks (AC +1).


Message History

Blink to where?
You are very lightly contaminated with residual magic.
As you read the scroll labeled CRICYK QOSM, it crumbles to dust.
It was a scroll of blinking.
A worker ant comes into view.
Read which item? (? for menu, Esc to quit)
As you read the scroll labeled KHICKOD EQIUN, it crumbles to dust.
The creatures around you are filled with an inner flame!
It was a scroll of immolation.
Read which item? (? for menu, Esc to quit)
As you read the scroll labeled PSIQANE FEIMY, it crumbles to dust.
You feel blessed for a moment.
It was a scroll of remove curse.
You see here an enchanted dagger.
You start waiting.
Your magical contamination has completely faded away.
Found a stone staircase leading down.
A shadow imp comes into view.
The helpless shadow imp fails to defend itself.
You whack the shadow imp!
You kill the shadow imp!
Makhleb accepts your kill.
No target in view!
A worker ant comes into view.
A worker ant is nearby!
Okay, then.
You see here 25 stones.
You hit the worker ant! Your grab misses the worker ant.
The worker ant barely misses you.
You hit the worker ant. Your grab misses the worker ant.
The worker ant bites you.
You are poisoned.
The worker ant poisons you! The worker ant bites you.
You are more poisoned.
The worker ant poisons you!
You take 8 damage, and have 33/41 hp.
You are feeling very hungry.
You feel sick. The worker ant bites you.
You are more poisoned.
The worker ant poisons you!
You take 4 damage, and have 29/41 hp.
You now have 9/12 mp.
A beastly little devil appears in a puff of flame.
You feel sick. The worker ant bites you.
You take 3 damage, and have 26/41 hp.
You now have 7/12 mp.
Unknown command.
You swap places.
You feel sick.
Your hound bites the worker ant but does no damage.
The worker ant misses your hound.
Your hound barely misses the worker ant.
Your crimson imp hits the worker ant but does no damage.
You take 2 damage, and have 24/41 hp.
Unknown command.
You feel sick. The worker ant bites your hound.
Your hound is poisoned.
The worker ant poisons your hound!
Your hound barely misses the worker ant.
Your crimson imp barely misses the worker ant.
You take 1 damage, and have 23/41 hp.
You feel sick.
Your hound bites the worker ant.
The worker ant bites your hound.
Your hound bites the worker ant but does no damage.
Your crimson imp barely misses the worker ant.
The worker ant barely misses your hound.
You take 1 damage, and have 22/41 hp.
You feel sick.
Your hound closely misses the worker ant.
The worker ant barely misses your hound.
Your crimson imp hits the worker ant but does no damage.
You take 2 damage, and have 20/41 hp.
You feel sick.
Your hound dies!
Your hound's corpse disappears in a puff of smoke!
The worker ant bites your crimson imp but does no damage.
Your crimson imp blinks!
You take 1 damage, and have 19/41 hp.
Unknown command.
You feel sick.
You hit the worker ant.
There is a sudden explosion of sparks!
You kill the worker ant!
Makhleb accepts your kill.
You feel sick.
Your crimson imp blinks!
You take 1 damage, and have 18/41 hp.
You hit the worker ant but do no damage.
There is a sudden explosion of sparks!
You grab the worker ant.
You constrict the worker ant, but do no damage.
You feel sick. The worker ant bites you!
* * * LOW HITPOINT WARNING * * *
You take 8 damage, and have 10/41 hp.
You hit the worker ant.
You constrict the worker ant, but do no damage.
* * * LOW HITPOINT WARNING * * *
You feel sick. The worker ant bites you!
* * * LOW HITPOINT WARNING * * *
You take 8 damage, and have 2/41 hp.
Unknown command.
Drink which item? (? for menu, Esc to quit)
You feel better.
You constrict the worker ant. The worker ant bites you.
* * * LOW HITPOINT WARNING * * *
The worker ant bites you!
You die...

............ ..##.#.......
. ##.##.#.......# ## ...
+....<........# . ....
#..........#..## .#.....
#.......... ...# ........
#.....#..###...#
#........#.......)......#
#.# #....a@..##........#
#.# #######5...#....###.#
#.# #........ยง...#..# #.#
#.######.#.#.#..### #.#
#.# #.#........# #.# #(#
#(##..#..#.#
##.###.######........#.# #
#....................#.#.#
#...........####..####.#.#


You could see a worker ant and a friendly crimson imp.

Vanquished Creatures
  Edmund (D:4)
  A phantom (D:4)
  A hound (D:4)
  An orc priest (D:4)
  2 worker ants
  An orc wizard (D:4)
  Jessica (D:3)
  3 adders
  2 shadow imps
  4 worms
  2 orcs
  3 ball pythons
  A bat skeleton (D:4)
  3 giant cockroaches
  5 goblins
  5 hobgoblins
  3 jackals (D:2)
  2 quokkas
  5 bats
  2 giant geckos (D:1)
  2 giant newts
  9 kobolds
  10 rats
69 creatures vanquished.

Vanquished Creatures (collateral kills)
  An ogre (D:4)
  Crazy Yiuf (D:3)
  2 iguanas (D:4)
  2 orc wizards (D:4)
  Robin (D:3)
  A worm (D:2)
  2 orcs (D:4)
  5 goblins (D:3)
  4 hobgoblins (D:3)
  A rat (D:1)
20 creatures vanquished.

Vanquished Creatures (others)
  5 hounds
  A quokka (D:1)
  2 rats
8 creatures vanquished.

Grand Total: 97 creatures vanquished

Notes
Turn   | Place    | Note
--------------------------------------------------------------
     0 | D:1      | RobertPalmer, the Octopode Summoner, began the quest for the Orb.
     0 | D:1      | Reached XP level 1. HP: 11/11 MP: 3/3
   523 | D:1      | Reached XP level 2. HP: 12/17 MP: 2/4
  1224 | D:2      | Reached XP level 3. HP: 16/21 MP: 4/6
  1258 | D:2      | Learned a level 3 spell: Call Canine Familiar
  1261 | D:2      | Learned a level 2 spell: Call Imp
  1354 | D:2      | Reached skill level 5 in Summonings
  1429 | D:2      | HP: 5/21 [poisoned by an adder]
  1437 | D:2      | HP: 4/21 [poisoned by an adder]
  1690 | D:2      | Noticed Sigmund
  2084 | D:2      | Reached XP level 4. HP: 27/27 MP: 4/7
  2458 | D:3      | Noticed Crazy Yiuf
  2466 | D:3      | Killed Crazy Yiuf
  2466 | D:3      | Reached skill level 6 in Summonings
  2686 | D:3      | Reached XP level 5. HP: 24/31 MP: 2/9
  2713 | D:3      | Noticed Robin
  2714 | D:3      | HP: 6/31 [Robin/wand of flame (10)]
  2719 | D:3      | Killed Robin
  2719 | D:3      | Reached skill level 1 in Maces & Flails
  2760 | D:3      | Found an ancient bone altar of Kikubaaqudgha.
  2991 | D:3      | Noticed Jessica
  2997 | D:3      | Killed Jessica
  3297 | D:4      | Noticed a phantom
  3318 | D:4      | Killed a phantom
  3318 | D:4      | Reached skill level 3 in Maces & Flails
  3318 | D:4      | Reached XP level 6. HP: 19/36 MP: 3/10
  3489 | D:4      | Learned a level 4 spell: Summon Ice Beast
  4073 | D:4      | Reached skill level 7 in Summonings
  4241 | D:4      | Noticed an ogre
  4318 | D:4      | Killed an ogre
  4318 | D:4      | Reached XP level 7. HP: 41/41 MP: 9/12
  4374 | D:4      | Found a staircase to the Ecumenical Temple.
  4451 | D:4      | Noticed Edmund
  4476 | D:4      | Killed Edmund
  4803 | Temple   | Entered the Ecumenical Temple
  4889 | Temple   | Became a worshipper of Makhleb the Destroyer
  4919 | D:5      | Entered Level 5 of the Dungeon
  5080 | D:5      | HP: 10/41 [worker ant (7)]
  5081 | D:5      | HP: 2/41 [worker ant (7)]
  5082 | D:5      | Slain by a worker ant

Action                   |  1- 3 |  4- 6 |  7- 9 || total
-------------------------+-------+-------+-------++-------
Melee: Unarmed           |     7 |       |       ||     7
       Whip              |    45 |    83 |    14 ||   142
       Dagger            |     4 |       |       ||     4
 Cast: Summon Small Mamm |     7 |       |       ||     7
       Call Imp          |     2 |     8 |     3 ||    13
       Call Canine Famil |     2 |    10 |     7 ||    19
  Use: Scroll            |     8 |     1 |     5 ||    14
       Potion            |       |     1 |     1 ||     2
 Stab: Sleeping          |     4 |     9 |     1 ||    14
       Distracted        |       |     2 |       ||     2
  Eat: Chunk             |     3 |     9 |     3 ||    15

Vault maps used:
D:1:      dpeg_arrival_snail, minivault_4
D:2:      first_bread, minmay_splitting_lines, uniq_sigmund
D:3:      lemuel_coloured_pillars_altar, uniq_crazy_yiuf_cottage, uniq_jessica,
          uniq_robin
D:4:      temple_green, uniq_edmund
D:5:      nemelex_xobeh_ov_fountains_minmay, lemuel_crystal_altar,
          old_standard_altar, tso_metal_star, uniq_eustachio, uniq_duvessa,
          uniq_natasha, uniq_pikel
Temple:   triangle_lava_temple_11

Table legend:
 A = Turns spent in this place as a percentage of turns spent in the entire game.
 B = Non-inter-level travel turns spent in this place as a percentage of non-inter-level travel turns spent in the entire game.
 C = Inter-level travel turns spent in this place as a percentage of turns spent in this place.
 D = Turns resting spent in this place as a percentage of non-inter-level travel turns spent in this place.
 E = Turns spent auto-exploring this place as a percentage of non-inter-level travel turns spent in this place.
 F = Non-inter-level travel turns spent in this place divided by the number of levels of this place that you've seen.
                   A       B       C       D       E      F
               +-------+-------+-------+-------+-------+----------------------
         Total | 100.0 | 100.0 |   0.6 |   2.7 |   8.0 | 252.7
       Dungeon |  94.0 |  93.9 |   0.6 |   2.9 |   8.6 | 284.8
        Temple |   6.0 |   6.1 |   0.0 |   0.0 |   0.0 |  92.0
               +-------+-------+-------+-------+-------+----------------------

Table legend:
 A = Kills in this place as a percentage of kills in entire the game.
 B = Kills by you in this place as a percentage of kills by you in the entire game.
 C = Kills by friends in this place as a percentage of kills by friends in the entire game.
 D = Other kills in this place as a percentage of other kills in the entire game.
 E = Experience gained in this place as a percentage of experience gained in the entire game.
 F = Experience gained in this place divided by the number of levels of this place that you have seen.
                   A       B       C       D       E      F
               +-------+-------+-------+-------+-------+----------------------
         Total | 100.0 | 100.0 | 100.0 |  -nan | 100.0 | 140.2
       Dungeon | 100.0 | 100.0 | 100.0 |  -nan | 100.0 | 168.2
               +-------+-------+-------+-------+-------+----------------------
